 Dungeon Crawl Stone Soup version 0.17-a0-1976-g482a304 (webtiles) character file.

3028 Rationalist the Nimble (level 9, -8/106 HPs)
             Began as a Demonspawn Berserker on Oct 4, 2015.
             Was a Priest of Trog.
             Mangled by Erolcha
             ... wielding a +0 giant club
              (13 damage)
             ... on level 8 of the Dungeon.
             The game lasted 00:19:45 (9821 turns).

Rationalist the Nimble (Demonspawn Berserker)       Turns: 9821, Time: 00:19:46

Health: -8/106     AC: 20    Str: 18    XL:     9   Next: 55%
Magic:  9/9        EV:  2    Int:  8    God:    Trog [***...]
Gold:   510        SH:  0    Dex: 16    Spells: 0 memorised, 8 levels left

rFire  + . .     SeeInvis .     a - +0 hand axe
rCold  x . .     Clarity  .     (armour currently unavailable)
rNeg   + + +     SustAt   .     (no shield)
rPois  +         Gourm    .     (helmet currently unavailable)
rElec  .         Spirit   .     (cloak currently unavailable)
rCorr  .         Warding  .     (gloves currently unavailable)
rMut   .         NoTele   +     (boots currently unavailable)
MR     ++...                    E - amulet of regeneration
Stlth  +++.......               y - ring of fire
                                d - +2 ring of evasion

@: tree-form, corroded equipment, regenerating, very resistant to hostile
enchantments, fairly stealthy
A: (antennae 0), (iridescent scales 0), demonic guardian 1
a: Burn Spellbooks, Berserk, Trog's Hand, Renounce Religion


You were on level 8 of the Dungeon.
You worshipped Trog.
Trog was most pleased with you.
You were hungry.
You were a tree.
You visited 2 branches of the dungeon, and saw 9 of its levels.
You also visited: Sewer.

You collected 510 gold pieces.

Inventory:

Hand Weapons
 a - a +0 hand axe (weapon)
 m - a +0 scythe of slicing
 S - a +0 blowgun
Missiles
 g - 60 sling bullets
 i - 81 bolts
 p - 18 tomahawks
 r - 4 javelins (quivered)
 T - 8 poisoned needles
Armour
 b - a +0 animal skin (melded)
 M - the +2 pair of boots of the New World (melded) {Regen+}
   (You found it on level 7 of the Dungeon)

   It increases your rate of regeneration.
Jewellery
 d - a +2 ring of evasion (left branch)
 q - an uncursed ring of teleportation
 u - an uncursed amulet of stasis
 y - a ring of fire (right branch)
 E - an amulet of regeneration (around neck)
 V - an uncursed ring of wizardry {unknown}
Wands
 B - a wand of polymorph (18)
 J - a wand of paralysis (0)
 N - a wand of cold (6)
 O - a wand of slowing (14)
 P - a wand of lightning (11)
 R - a wand of frost (27)
Scrolls
 e - 3 scrolls of enchant armour
 h - 2 scrolls of recharging
 k - 4 scrolls of magic mapping {unknown}
 n - a scroll of enchant weapon {unknown}
 o - 3 scrolls of fog {unknown}
 s - 2 scrolls of fear {unknown}
 x - 3 scrolls of remove curse
 A - 6 scrolls of teleportation {unknown}
 C - 4 scrolls of blinking {unknown}
 D - 4 scrolls of noise {unknown}
 F - 2 scrolls of immolation {unknown}
 K - a scroll of identify
 L - a scroll of amnesia {unknown}
Potions
 f - a potion of might
 v - a potion of mutation {unknown}
 w - 2 potions of flight
 z - 4 potions of agility
 H - 2 potions of berserk rage {unknown}
 I - 2 potions of heal wounds {unknown}
 Q - a potion of cure mutation {unknown}
 U - a potion of invisibility {unknown}
Comestibles
 c - 8 bread rations
 j - 4 meat rations
 l - 2 chunks of flesh
 G - a beef jerky


   Skills:
 + Level 6.5 Fighting
 + Level 6.5 Axes
 + Level 0.1 Throwing
 + Level 1.8 Armour
 + Level 9.0 Dodging
 + Level 3.1 Stealth


You had 8 spell levels left.
You didn't know any spells.

Dungeon Overview and Level Annotations

Branches:
Dungeon (8/15)             Temple (1/1) D:5
   Lair: D:8-11

Altars:
Cheibriados
Dithmenos
Elyvilon
Fedhas
Makhleb
Nemelex Xobeh
Okawaru
Qazlal
Ru
Sif Muna
Trog
Xom
The Shining One

Shops:
D:6 %

Annotations:
D:8 Erolcha


Innate Abilities, Weirdness & Mutations

((You have a pair of small antennae on your head.))
((You are mostly covered in iridescent scales (AC +6).))
A weak demonic guardian rushes to your aid.


Message History

* * * LOW HITPOINT WARNING * * *
The jelly hits you but does no damage. Something hits you but does no damage.
You barely miss something. You hit the jelly.
Your branches burn!
* * * LOW HITPOINT WARNING * * *
The jelly is heavily wounded.
You hit something but do no damage. The jelly hits you but does no damage.
Something hits you but does no damage. Something hits you!
* * * LOW HITPOINT WARNING * * *
Unknown command.
Drink which item? (? for menu, Esc to quit)
Okay, then.
Use which ability?
Your skin crawls.
You feel resistant to hostile enchantments.
You feel slightly more hungry. The jelly hits you but does no damage.
You hear some strange, mumbled words.
A puff of flame appears from out of thin air!
Helpless, you fail to dodge the puff of flame.
Something hits you!
You die...

.#... ##'#.. #....#
# #....#.. '....'..
+###...(# #5....#
#..{{J+ #...♣.#
#.....# #...###
#...+
#...####+######
....#
###.).........#
#.... +.).........+
+.... #...........#
#....
#...........###....


You could see a jelly and a friendly ufetubus.

Vanquished Creatures
  The ghost of Hanibal the Destroyer, a novice DEWz (D:5)
  Sigmund (D:2)
  A hippogriff (D:8)
  3 ogres
  A phantom (D:6)
  An orc warrior (D:7)
  3 centaurs
  2 scorpions
  A crimson imp (D:8)
  2 centaur zombies
  3 orc priests
  3 hounds
  7 orc wizards
  3 wights (D:7)
  2 giant frog zombies
  4 jellies
  3 giant frog skeletons
  A centaur skeleton (D:6)
  An iguana (D:5)
  8 worker ants
  2 worker ant zombies
  A river rat (D:6)
  12 adders
  3 gnolls (D:2)
  A shadow imp (D:7)
  An adder skeleton (D:7)
  An adder zombie (D:5)
  6 worms
  A giant gecko (D:4)
  21 orcs
  A ball python (D:3)
  2 giant cockroaches
  5 goblins
  8 hobgoblins
  4 jackals (D:2)
  12 kobolds
  3 quokkas
  10 bats
  2 giant gecko skeletons
  A giant gecko zombie (D:7)
  4 giant newts
  A quokka zombie (D:5)
  8 rats
161 creatures vanquished.

Vanquished Creatures (collateral kills)
  Pikel (D:6)
  Purgy (Sewer)
  A hound (D:5)
  A centaur skeleton (D:7)
  An orc wizard (D:6)
  A hound zombie (D:5)
  2 orcs
  A giant cockroach (D:6)
9 creatures vanquished.

Vanquished Creatures (others)
  A centaur (D:6)
  2 slaves (D:6)
  A worker ant (D:5)
  A ball python (D:6)
5 creatures vanquished.

Grand Total: 175 creatures vanquished

Notes
Turn   | Place    | Note
--------------------------------------------------------------
     0 | D:1      | Rationalist the Demonspawn Berserker began the quest for the Orb.
     0 | D:1      | Reached XP level 1. HP: 18/18 MP: 1/1
   267 | D:1      | Gained mutation: You have a pair of small antennae on your head. [demonic ancestry]
   267 | D:1      | Reached XP level 2. HP: 22/24 MP: 2/2
   698 | D:2      | Reached XP level 3. HP: 8/30 MP: 3/3
  1113 | D:2      | Acquired Trog's second power
  1366 | D:2      | Found a snail-covered altar of Cheibriados.
  1392 | D:2      | Found a faded altar to an unknown god.
  1437 | D:2      | Noticed Sigmund
  1449 | D:2      | Killed Sigmund
  1449 | D:2      | Reached skill level 4 in Fighting
  1449 | D:2      | Reached skill level 1 in Stealth
  1449 | D:2      | Reached XP level 4. HP: 4/37 MP: 4/4
  1449 | D:2      | Gained mutation: You are partially covered in iridescent scales (AC +4). [demonic ancestry]
  1449 | D:2      | Reached XP level 5. HP: 4/42 MP: 5/5
  1449 | D:2      | HP: 3/63 [poisoned by an adder]
  1454 | D:2      | HP: 3/63 [poisoned by an adder]
  1459 | D:2      | HP: 2/42 [poisoned by an adder]
  2802 | D:2      | Reached XP level 6. HP: 36/49 MP: 6/6
  5187 | D:4      | Reached skill level 5 in Dodging
  5327 | D:4      | Gained mutation: You are mostly covered in iridescent scales (AC +6). [demonic ancestry]
  5327 | D:4      | Reached XP level 7. HP: 52/55 MP: 7/7
  5800 | D:5      | Entered Level 5 of the Dungeon
  5826 | D:5      | Found an iron altar of Okawaru.
  5989 | D:5      | Found a staircase to the Ecumenical Temple.
  5996 | D:5      | Noticed Hanibal's ghost (novice DEWz)
  6019 | Temple   | Entered the Ecumenical Temple
  6283 | D:5      | Killed Hanibal's ghost
  6283 | D:5      | Reached skill level 5 in Fighting
  6283 | D:5      | Reached skill level 6 in Dodging
  6283 | D:5      | Gained mutation: A weak demonic guardian rushes to your aid. [demonic ancestry]
  6283 | D:5      | Reached XP level 8. HP: 62/62 MP: 8/8
  6407 | D:5      | Found a blossoming altar of Fedhas.
  6422 | D:5      | Paralysed by a centaur for 3 turns
  6431 | D:5      | Paralysed by a centaur for 6 turns
  6536 | D:5      | You fall through a shaft for 2 floors!
  6660 | D:7      | Got a pair of polished boots
  6666 | D:7      | Identified the +2 pair of boots of the New World {Regen+} (You found it on level 7 of the Dungeon)
  6682 | D:7      | Reached skill level 5 in Axes
  6694 | D:7      | Reached skill level 7 in Dodging
  7023 | D:7      | Found a shimmering altar of Xom.
  7024 | D:7      | Found a sacrificial altar of Ru.
  7025 | D:7      | Found a shadowy altar of Dithmenos.
  7025 | D:7      | Found a deep blue altar of Sif Muna.
  7025 | D:7      | Found a glowing golden altar of the Shining One.
  7027 | D:7      | Found a white marble altar of Elyvilon.
  7027 | D:7      | Found a sparkling altar of Nemelex Xobeh.
  7028 | D:7      | Found a bloodstained altar of Trog.
  7532 | D:6      | Found a glowing drain.
  7537 | Sewer    | Entered a sewer
  7715 | Sewer    | Noticed Purgy
  7755 | Sewer    | Killed Purgy
  7907 | D:6      | Reached XP level 9. HP: 63/69 MP: 9/9
  8065 | D:6      | Noticed Pikel
  8088 | D:6      | Found a stormy altar of Qazlal.
  8167 | D:6      | Killed Pikel
  8167 | D:6      | Reached skill level 8 in Dodging
  8194 | D:6      | Found a burning altar of Makhleb.
  8206 | D:6      | Found Ompidodgh's Food Shoppe.
  9706 | D:8      | Reached skill level 9 in Dodging
  9789 | D:8      | Noticed Erolcha
  9820 | D:8      | HP: 3/106 [something (13)]
  9821 | D:8      | Mangled by Erolcha

Vault maps used:
D:1:      dpeg_arrival_chase
D:2:      cheibriados_altar_1, ecumenical_altar_2, uniq_sigmund
D:3:      first_bread, minmay_box_of_dots
D:5:      fedhas_altar_1, minmay_temple_entry_hall, basic_altar
D:6:      nicolae_overflow_crystal_walls, lightli_temple_of_fire,
          gup_sewer_entry_bowl, serial_shops, shop, uniq_pikel
D:7:      grunt_temple_overflow_open, kennysheep_generic_room_3
D:8:      kennysheep_dice, uniq_erolcha, uniq_maurice, uniq_erica
Temple:   circular_temple_6
Sewer:    kennysheep_door_sewer

Action                   |  1- 3 |  4- 6 |  7- 9 || total
-------------------------+-------+-------+-------++-------
Melee: Hand axe          |   100 |   266 |   728 ||  1094
Throw: Javelin           |     2 |       |       ||     2
Invok: Berserk           |     2 |     2 |     3 ||     7
       Trog's Hand       |     1 |     2 |     5 ||     8
  Use: Potion            |     2 |       |     3 ||     5
       Scroll            |       |     6 |     2 ||     8
 Stab: Sleeping          |       |     3 |     9 ||    12
       Distracted        |       |     2 |     1 ||     3
  Eat: Chunk             |     2 |    13 |    17 ||    32
       Royal jelly       |       |     1 |       ||     1
       Pizza             |       |     1 |       ||     1
       Meat ration       |       |       |     1 ||     1
